 Dungeon Crawl Stone Soup version 0.29-a0-1033-gb6c65ffae6 (webtiles) character file.

Game seed: 3740719003554189373

18 Manisian the Sneak (level 2, 0/13 HPs)
             Began as a Spriggan Enchanter on Aug 14, 2022.
             Slain by an endoplasm (1 damage)
             ... on level 1 of the Dungeon.
             The game lasted 00:02:12 (623 turns).

Manisian the Sneak (Spriggan Enchanter)              Turns: 623, Time: 00:02:13

Health: 0/13       AC:  2    Str:  4    XL:     2   Next: 48%
Magic:  0/6        EV: 17    Int: 16    God:
Gold:   27         SH:  0    Dex: 15    Spells: 4/6 levels left

rFire   . . .      SeeInvis +   a - +1 dagger
rCold   . . .      Faith    .   (no shield)
rNeg    . . .      Spirit   .   b - +0 robe
rPois   .          Reflect  .   (helmet restricted)
rElec   .          Harm     .   (no cloak)
rCorr   .          Rampage  .   (gloves unavailable)
Will    .....                   (boots unavailable)
Stlth   +++.......              (no amulet)
HPRegen 0.04/turn               (no ring)
MPRegen 0.10/turn               (no ring)

@: very quick
A: very small, no large weapons, unfitting armour, see invisible, speed 3
a: no special abilities


You were on level 1 of the Dungeon.
You visited 1 branch of the dungeon, and saw 1 of its levels.

You collected 27 gold pieces.

Inventory:

Hand Weapons
 a - a +1 dagger (weapon)
Missiles
 e - 15 stones (quivered)
Armour
 b - a +0 robe (worn)
Scrolls
 d - 2 scrolls of identify {unknown}
Potions
 c - 2 potions of invisibility
 f - a potion of haste {unknown}
 g - a potion of mutation {unknown}


   Skills:
 + Level 0.1 Fighting
 + Level 1.2 Short Blades
 + Level 2.6 Dodging
 + Level 4.9 Stealth
 + Level 2.8 Spellcasting
 + Level 4.2 Hexes


You had 4 spell levels left.
You knew the following spells:

 Your Spells              Type           Power      Damage    Failure   Level
a - Ensorcelled Hibernat  Hex/Ice        18%        N/A       12%         2

Your spell library contained the following spells:

 Spells                   Type           Power      Damage    Failure   Level
 Confusing Touch          Hex            15%        N/A       10%         3
 Tukima's Dance           Hex            15%        N/A       10%         3
 Dazzling Flash           Conj/Hex       18%        N/A       24%         3
 Poisonous Vapours        Pois/Air       4%         N/A       28%         2
 Corpse Rot               Necr/Pois/Air  2%         N/A       88%         4


Dungeon Overview and Level Annotations

Branches:
Dungeon (1/15)

Altars:


Innate Abilities, Weirdness & Mutations

You are very small and have problems with some larger weapons.
You are too small for most types of armour.
You have supernaturally acute eyesight. (SInv)
You cover ground extremely quickly. (Speed+++)


Message History

You miss the quokka. The quokka bites you.
* * * LOW HITPOINT WARNING * * *
Casting: Ensorcelled Hibernation (safe; 12% risk of failure)
Confirm with . or Enter, or press ? or * to list all spells.
Aiming: Ensorcelled Hibernation (safe; 12% risk of failure)
Press: ? - help, Shift-Dir - straight line, f/p - quokka
Aim: a quokka (chance to affect: 59%)
The quokka looks drowsy...
You are too injured to fight recklessly!
You are too injured to fight recklessly!
The helpless quokka fails to defend itself.
You impale the quokka!!
You kill the quokka!
An endoplasm is nearby!
Casting: Ensorcelled Hibernation (safe; 12% risk of failure)
Confirm with . or Enter, or press ? or * to list all spells.
Aiming: Ensorcelled Hibernation (safe; 12% risk of failure)
Press: ? - help, Shift-Dir - straight line, f - endoplasm
Aim: an endoplasm (wandering, hasn't noticed you, chance to affect: 61%)
The endoplasm quivers.
The endoplasm resists with significant effort.
Casting: Ensorcelled Hibernation (safe; 12% risk of failure)
Confirm with . or Enter, or press ? or * to list all spells.
Aiming: Ensorcelled Hibernation (safe; 12% risk of failure)
Press: ? - help, Shift-Dir - straight line, f/p - endoplasm
Aim: an endoplasm (chance to affect: 61%)
The endoplasm resists with significant effort.
You barely miss the endoplasm.
Press: ? - help, v - describe, . - travel The floor.
You hit the endoplasm.
The endoplasm is lightly wounded.
The endoplasm completely misses you.
You hit the endoplasm but do no damage.
The endoplasm is lightly wounded.
The endoplasm freezes you.
You are frozen.
* * * LOW HITPOINT WARNING * * *
The endoplasm hits you.
You die...

#....#.##.##)######
#.##.#.##.##..#
#.##.#........############.#
#..#.................)......
♣♣.♣♣####.##..######.###.###
♣.♣ #J##..## #.# ♣♣.♣
#.##...#####.# ♣P.♣
#.##......#..# ♣♣.♣
#.####@##.#.♣#♣#♣#♣#♣#♣ #.#
#....J..#.#....r...J...
####.###
#######.#.##♣#♣#♣#♣#♣#♣
.......# #....##.#.# #
######.# #♣♣♣.♣.......# #.#
♣PP..♣÷###.### #.# ♣...P♣.#
#.# #.# ♣♣.PP♣.###.# ## #.#
♣♣..P♣♣..##.# #.


You could see an endoplasm.

Vanquished Creatures
  A dart slug (D:1)
  A bat (D:1)
  An endoplasm (D:1)
  3 goblins (D:1)
  A kobold (D:1)
  2 quokkas (D:1)
  3 ball pythons (D:1)
  2 rats (D:1)
14 creatures vanquished.

Vanquished Creatures (others)
  10 plants (D:1)
10 creatures vanquished.

Grand Total: 24 creatures vanquished

Notes
Turn   | Place    | Note
-------+----------+-------------------------------------------
     0 | D:1      | Manisian the Spriggan Enchanter began the quest for the
                  | Orb.
     0 | D:1      | Reached XP level 1. HP: 9/9 MP: 5/5
   232 | D:1      | Reached XP level 2. HP: 11/13 MP: 6/6
   310 | D:1      | Learned a level 2 spell: Ensorcelled Hibernation
   623 | D:1      | Slain by an endoplasm

Illustrated notes

Levels and vault maps discovered:
D:1:      onia_arrival_mini_maze, layout_basic, serial_forest,
          infiniplex_forest_join, infiniplex_forest_lined_3,
          infiniplex_forest_clump_large, infiniplex_forest_clump_curved,
          infiniplex_forest_diagonal, infiniplex_forest_straight_4,
          infiniplex_forest_clump_curved, infiniplex_forest_clump_cross,
          infiniplex_forest_clump_small

Skill      XL: |  1 |
---------------+----+-----
Hexes          | 4 |  4.2
Fighting       | |  0.1
Short Blades   | |  1.2
Dodging        | |  2.6
Stealth        | |  4.9
Spellcasting   | |  2.8

Action                   || total
-------------------------++-------
Melee: Dagger            ||    41
Throw: Stone             ||     2
 Cast: Ensorcelled Hiber ||     8
 Stab: Sleeping          ||     7
Armor: Robe              ||     2
Dodge: Dodged            ||    28

Table legend: (Time is in decaauts)
 A = Elapsed time spent in this place.
 B = Non-inter-level travel time spent in this place.
 C = Inter-level travel time spent in this place.
 D = Time resting spent in this place.
 E = Time spent auto-exploring this place.
 F = Levels seen in this place.
 G = Mean time per level.
                   A        B        C        D        E       F      G
               +--------+--------+--------+--------+--------+-----+--------+
         Total |    464 |    449 |     15 |     72 |    178 |   1 |  464.0 |
       Dungeon |    464 |    449 |     15 |     72 |    178 |   1 |  464.0 |
               +--------+--------+--------+--------+--------+-----+--------+

Top non-repeatable levels by time:
     D:1: 464 daAuts
